Map: Neon Violet Square LE

Players

Classic

  • Race: Protoss Protoss
  • Spawn Location: 11:00

Serral - Winner!

  • Race: Zerg Zerg
  • Spawn Location: 5:00

Event: WESG 2017 Haikou

VOD

Have the link to the VOD?

Description

Time

  • Played on: March 17, 2018, 6:06 a.m.
  • Length: 13:43

All games in this series

Show
View Real Time Build Order
Export as new Build Order

Classic Protoss 

Build Orders: 1 Gate Expand, Oracle Opening, Phoenix Opening 

Get SALT Encoding   

  12  0:00  Probe  
  13  0:12  Probe  
  14  0:19  Pylon  
  14  0:24  Probe  
  15  0:38  Probe (Chrono Boost)  
  15  0:40  Gateway  
  16  0:47  Probe (Chrono Boost), Assimilator  
  17  0:52  Probe (Chrono Boost)  
  19  1:04  Probe  
  19  1:16  Probe  
  20  1:27  Nexus  
  20  1:29  Probe  
  21  1:40  Cybernetics Core  
  21  1:43  Probe  
  22  1:49  Assimilator  
  22  1:56  Pylon  
  22  1:58  Probe  
  23  2:14  Probe  
  23  2:15  Adept (Chrono Boost)  
  24  2:18  Stargate  
  26  2:26  Warp Gate, Probe  
  27  2:34  Adept  
  29  2:39  Probe x2 (Chrono Boost)  
  31  2:48  Probe x2 (Chrono Boost)  
  33  2:53  Probe x2 (Chrono Boost)  
  35  3:03  Phoenix (Chrono Boost)  
  35  3:05  Probe x2  
  39  3:12  Pylon  
  39  3:17  Probe x2  
  41  3:21  Oracle (Chrono Boost)  
  41  3:24  Assimilator  
  41  3:26  Assimilator  
  44  3:29  Probe x2  
  46  3:37  Gateway  
  46  3:41  Probe x2  
  46  3:42  Pylon  
  48  3:50  Oracle (Chrono Boost)  
  48  3:53  Probe x2  
  53  4:02  Stargate  
  53  4:05  Probe x2  
  53  4:08  Pylon  
  55  4:21  Probe x2  
  55  4:22  Oracle (Chrono Boost)  
  60  4:33  Nexus  
  60  4:36  Pylon  
  60  4:43  Oracle (Chrono Boost)  
  60  4:49  Probe  
  64  4:56  Pylon  
  64  4:57  Oracle (Chrono Boost)  
  67  5:01  Probe  
  67  5:02  Probe  
  69  5:10  Oracle (Chrono Boost)  
  69  5:13  Probe  
  69  5:14  Probe  
  77  5:30  Oracle (Chrono Boost), Probe x2  
  77  5:31  Forge, Twilight Council  
  77  5:33  Robotics Facility  
  79  5:41  Pylon  
  79  5:42  Probe x2  
  81  5:43  Gateway  
  81  5:44  Assimilator  
  81  5:48  Assimilator  
  81  5:49  Gateway  
  75  6:10  Protoss Ground Weapons Level 1 (Chrono Boost), Probe x2  
  75  6:11  Probe, Blink  
  74  6:15  Gateway  
  74  6:17  Gateway  
  75  6:25  Sentry x2, Gateway x2  
  75  6:26  Immortal (Chrono Boost)  
  84  6:32  Probe  
  84  6:33  Pylon  
  81  6:49  Sentry x4  
  89  6:55  Warp Prism (Chrono Boost)  
  89  6:58  Pylon  
  91  7:08  Pylon  
  91  7:14  Stalker x4, Sentry x2  
  103  7:18  Probe  
  103  7:22  Stalker x2  
  108  7:30  Observer  
  109  7:38  Stalker x4, Pylon  
  109  7:39  Stalker x2  
  121  7:49  Stalker  
  121  7:50  Stalker  
  125  8:04  Stalker x2  
  125  8:05  Stalker x4  
  137  8:10  Pylon  
  130  8:27  Stalker x5  
  138  8:34  Stalker x2  
  128  8:47  Stalker  
  128  8:52  Stalker x4  
  126  9:01  Stalker x2  
  73  9:25  Stalker x6  
  73  9:26  Sentry x2  
  89  9:56  Protoss Ground Weapons Level 2 (Chrono Boost)  
  85  10:03  Nexus  
  85  10:07  Sentry x2  
  85  10:08  Stalker x2, Sentry x4  
  85  10:10  Resonating Glaives (Chrono Boost)  
  101  10:15  Photon Cannon  
  101  10:20  Probe x3  
  104  10:34  Adept x4, Sentry x2  
  116  10:37  Adept  
  116  10:41  Adept  
  120  10:54  Pylon  
  120  10:59  Adept x3, Sentry x2  
  120  11:00  Adept  
  120  11:03  Adept  
  134  11:06  Adept  
  136  11:13  Gateway  
  133  11:20  Sentry  
  133  11:23  Zealot  
  137  11:26  Sentry x2  
  137  11:27  Adept x3  
  137  11:29  Adept  
  149  11:34  Photon Cannon  
  149  11:40  Probe  
  149  11:43  Protoss Ground Armor Level 1 (Chrono Boost)  
  150  11:52  Sentry  
  150  11:53  Adept x4, Sentry  
  150  11:54  Adept  
  164  11:55  Sentry  
  166  12:06  Pylon  
  166  12:07  Pylon  
  166  12:09  Pylon  
  166  12:18  Adept, Sentry x2  
  170  12:27  Adept, Sentry x2  
  170  12:28  Adept x2  
  86  12:45  Adept x3  
  86  12:50  Adept x5  
  100  13:00  Gateway  
  100  13:01  Immortal (Chrono Boost)  
  100  13:03  Sentry x2  
  108  13:11  Stalker  
  108  13:12  Stalker x5  
  120  13:19  Probe x4  
  124  13:20  Assimilator x2  
  124  13:24  Stalker x2  
Show
View Real Time Build Order
Export as new Build Order

Serral Zerg - Winner!

Build Orders: Hatch First, Lurkers 

Get SALT Encoding   

  12  0:01  Drone  
  13  0:13  Overlord  
  13  0:17  Drone  
  14  0:31  Drone x2  
  16  0:35  Drone  
  17  0:52  Hatchery  
  17  0:55  Drone  
  17  0:58  Drone  
  18  1:09  Extractor  
  17  1:13  Spawning Pool  
  17  1:17  Drone  
  17  1:19  Drone  
  18  1:28  Drone  
  19  1:38  Overlord  
  19  1:50  Drone  
  20  2:00  Queen  
  22  2:02  Zergling x2  
  22  2:04  Queen  
  22  2:05  Drone  
  26  2:10  Metabolic Boost  
  26  2:11  Drone  
  27  2:16  Drone  
  27  2:22  Drone  
  29  2:28  Drone  
  30  2:33  Drone  
  31  2:40  Drone  
  31  2:44  Hatchery  
  31  2:46  Overlord  
  31  2:48  Zergling x2  
  32  2:54  Queen  
  34  3:00  Drone  
  34  3:01  Drone  
  36  3:08  Drone  
  36  3:09  Drone  
  36  3:10  Overlord  
  36  3:11  Drone  
  39  3:13  Drone  
  39  3:18  Drone  
  41  3:20  Drone, Spore Crawler  
  41  3:28  Overlord  
  41  3:30  Drone  
  41  3:32  Queen  
  45  3:39  Overlord  
  45  3:40  Drone x3  
  48  3:43  Spore Crawler  
  48  3:47  Spore Crawler  
  48  3:48  Drone  
  47  3:49  Drone  
  48  3:55  Drone  
  48  3:56  Drone x2  
  48  3:59  Lair  
  51  4:04  Queen  
  51  4:07  Drone  
  54  4:15  Extractor, Drone x2  
  54  4:18  Drone  
  54  4:21  Drone x2, Extractor  
  54  4:23  Extractor, Drone x2  
  54  4:24  Drone x2  
  60  4:26  Overlord  
  60  4:28  Drone  
  60  4:29  Drone  
  62  4:32  Drone x2  
  64  4:41  Drone x2  
  64  4:42  Overlord  
  64  4:45  Zergling x4  
  68  4:46  Overlord  
  68  4:49  Overlord  
  68  4:51  Drone x3  
  69  4:57  Overlord  
  69  4:59  Drone x3  
  71  5:01  Hydralisk Den  
  71  5:03  Zergling x2  
  71  5:08  Zergling x2  
  71  5:10  Overlord  
  71  5:11  Extractor, Zergling x6  
  71  5:12  Zergling x2  
  75  5:15  Overlord  
  75  5:16  Zergling x4  
  75  5:17  Overlord  
  77  5:27  Zergling x4  
  79  5:32  Hydralisk x2  
  79  5:35  Hydralisk x3  
  83  5:39  Hydralisk  
  83  5:42  Muscular Augments  
  91  5:45  Hydralisk, Evolution Chamber  
  91  5:46  Hydralisk  
  94  5:50  Overseer  
  94  5:52  Overlord  
  94  5:58  Baneling Nest  
  94  6:03  Hydralisk x3  
  91  6:06  Drone x6  
  91  6:08  Drone  
  94  6:12  Zerg Missile Weapons Level 1  
  94  6:14  Hydralisk  
  94  6:16  Drone x3  
  99  6:23  Extractor  
  98  6:26  Queen x2  
  98  6:30  Drone x4  
  98  6:31  Extractor  
  105  6:33  Hydralisk  
  105  6:34  Hydralisk  
  109  6:44  Drone x5  
  109  6:48  Drone  
  109  6:51  Centrifical Hooks  
  110  6:54  Hydralisk x2  
  110  6:59  Overlord  
  114  7:02  Overlord x2  
  114  7:10  Hydralisk x3  
  120  7:17  Hatchery  
  119  7:24  Hydralisk x2, Drone, Spore Crawler  
  122  7:33  Hydralisk x4  
  130  7:40  Overlord  
  130  7:41  Overlord x2  
  130  7:43  Zergling x6  
  133  7:52  Baneling x6  
  133  7:53  Hydralisk x2  
  133  7:54  Zergling x2  
  133  7:57  Overlord  
  133  7:58  Overlord  
  138  8:02  Zergling x8  
  141  8:09  Hydralisk  
  141  8:10  Hydralisk x2, Zergling x4  
  149  8:13  Baneling x3  
  149  8:16  Baneling  
  145  8:21  Zergling x2  
  145  8:22  Zergling x12  
  145  8:25  Baneling x6  
  145  8:37  Zergling x14  
  138  8:43  Hydralisk x4  
  138  8:45  Hydralisk  
  126  8:58  Hydralisk  
  126  8:59  Hydralisk, Zergling x6  
  107  9:03  Zergling x10  
  107  9:08  Hydralisk  
  106  9:10  Zergling x2  
  106  9:15  Hydralisk  
  106  9:16  Hydralisk, Zergling x2  
  102  9:19  Zergling x4  
  102  9:26  Hydralisk  
  102  9:27  Hydralisk x2  
  108  9:38  Queen  
  108  9:41  Hydralisk  
  111  9:57  Zergling x2  
  111  9:58  Zergling x20  
  118  10:01  Baneling x6  
  116  10:09  Zerg Missile Weapons Level 2  
  116  10:14  Overlord  
  116  10:17  Drone x8  
  122  10:22  Hydralisk x3  
  128  10:32  Baneling x11  
  128  10:34  Drone x2  
  128  10:35  Drone x2  
  130  10:46  Zergling x18  
  132  10:54  Drone x2  
  132  10:55  Drone  
  132  10:56  Drone  
  136  10:58  Hydralisk x4  
  136  11:03  Zergling x8  
  148  11:05  Zergling x4  
  150  11:11  Zergling x2  
  146  11:21  Zergling x6  
  147  11:27  Baneling  
  147  11:28  Baneling x3  
  147  11:30  Hatchery  
  147  11:32  Hydralisk x4, Lurker Den  
  151  11:39  Zergling x2  
  156  11:40  Zergling x20  
  158  11:48  Baneling x9  
  158  11:52  Baneling x11  
  157  11:56  Zergling x10  
  162  12:03  Zergling x12  
  162  12:07  Baneling x4  
  152  12:15  Hydralisk  
  152  12:16  Hydralisk x2, Zergling x4  
  152  12:18  Baneling x5  
  150  12:29  Zergling x2  
  145  12:30  Zergling x20  
  145  12:35  Zergling x8  
  145  12:36  Zergling x2  
  143  12:39  Hydralisk  
  143  12:40  Zergling x4  
  134  12:45  Drone x3  
  137  12:51  Hydralisk x3  
  143  12:59  Lurker x5  
  143  13:00  Lurker  
  143  13:01  Lurker  
  143  13:02  Lurker  
  143  13:03  Lurker  
  143  13:04  Overseer  
  152  13:11  Zergling x8  
  155  13:21  Baneling Nest  
Tags
 
Add a new tag
Caveats
  • Supply blocks, unpowered buildings, or Contaminate may cause inaccurate times.
  • Supply counts are checked every 10 seconds.